 Dungeon Crawl Stone Soup version 0.20.1-1-g8b1a95d (webtiles) character file.

49731 vatarom the Quickloader (level 14, -2/103 HPs)
             Began as a Demonspawn Hunter on Sept 23, 2017.
             Was the Champion of Okawaru.
             Slain by a slime creature (10 damage)
             ... on level 12 of the Dungeon.
             The game lasted 01:00:28 (20805 turns).

vatarom the Quickloader (Demonspawn Hunter)        Turns: 20805, Time: 01:00:29

Health: -2/103     AC: 21    Str: 17    XL:     14   Next: 17%
Magic:  0/22       EV: 11    Int: 12    God:    Okawaru [******]
Gold:   1078       SH:  0    Dex: 19    Spells: 8/24 levels left

rFire    . . .     SeeInvis .   a - +5 hand crossbow (freeze)
rCold    . . .     Gourm    .   (no shield)
rNeg     . . .     Faith    +   E - +0 chain mail of Sin {rPois Dex+6}
rPois    +         Spirit   +   W - +0 helmet of Death's Door {rElec}
rElec    +         Reflect  .   J - scarf {Spirit}
rCorr    .         Harm     .   m - +0 pair of gloves
MR       +....     Clarity  +   v - +0 pair of boots
Stlth    ..........             c - amulet of faith
Regen    0.3/turn               H - +6 ring of slaying
MPRegen  0.2/turn               o - ring of wizardry

@: about to teleport
A: claws 2, iridescent scales 3, clarity, clumsy 1, foul stench 1, powered by
death 2, rot immunity
a: Heroism, Finesse, Renounce Religion


You were on level 12 of the Dungeon.
You worshipped Okawaru.
Okawaru was exalted by your worship.
You were not hungry.

You visited 3 branches of the dungeon, and saw 19 of its levels.
You also visited: Labyrinth.

You collected 1078 gold pieces.

Inventory:

Hand Weapons
 a - a +5 hand crossbow of freezing (weapon)
 b - a +2 short sword of venom
 R - a +3 demon trident
 U - the +9 heavy crossbow "Sniper" {velocity, Acc+∞ SInv}
   (You found it on level 3 of the Lair of Beasts)

   Any bolt fired from it inflicts extra damage.
   It lets you see invisible.
Missiles
 d - 187 bolts (quivered)
Armour
 m - a +0 pair of gloves (worn)
 v - a +0 pair of boots (worn)
 B - a +0 buckler
 E - the +0 chain mail of Sin (worn) {rPois Dex+6}
   (Okawaru gifted it to you on level 6 of the Lair of Beasts)

   It affects your dexterity (+6).
   It protects you from poison.
 J - a scarf of spirit shield (worn)
 W - the +0 helmet of Death's Door (worn) {rElec}
   (Okawaru gifted it to you on level 4 of the Lair of Beasts)

   It insulates you from electricity.
Jewellery
 c - an amulet of faith (around neck)
 j - an uncursed ring of protection from fire
 n - a +2 ring of dexterity
 o - a ring of wizardry (right hand)
 r - an uncursed amulet of harm {unknown}
 x - an uncursed ring of resist corrosion
 D - an uncursed ring of protection from cold
 G - an uncursed ring of poison resistance
 H - a +6 ring of slaying (left hand)
Wands
 z - a wand of lightning (2/15)
 I - a wand of random effects (20/48)
 M - a wand of clouds (4/9)
 N - a wand of confusion (18/48)
 T - a wand of random effects (34/48)
 V - a wand of acid (15/15)
Scrolls
 e - 9 scrolls of remove curse
 h - 3 scrolls of enchant armour
 q - 4 scrolls of magic mapping
 y - 3 scrolls of amnesia
 L - 5 scrolls of fog
 S - a scroll of fear
Potions
 p - 5 potions of flight
 s - 3 potions of might
 t - 4 potions of agility
 C - 3 potions of brilliance
 O - 2 potions of curing
 P - 3 potions of lignification
Books
 k - a book of Necromancy

   Spells                             Type                      Level
   a - Pain                           Necromancy                   1
   b - Animate Skeleton               Necromancy                   1
   c - Vampiric Draining              Necromancy                   3
   d - Regeneration                   Charms/Necromancy            3
   e - Animate Dead                   Necromancy                   4
   f - Control Undead                 Necromancy                   4
 u - a book of Debilitation

   Spells                             Type                      Level
   a - Corona                         Hexes                        1
   b - Slow                           Hexes                        2
   c - Inner Flame                    Hexes/Fire                   3
   d - Portal Projectile              Hexes/Translocation          3
   e - Cause Fear                     Hexes                        4
   f - Leda's Liquefaction            Hexes/Earth                  4
Miscellaneous
 g - a lamp of fire (inert)
Comestibles
 i - 4 royal jellies
 l - 12 fruits
 w - 3 chunks of flesh
 A - 13 bread rations
 K - 3 meat rations


   Skills:
 + Level 7.6 Fighting
 - Level 4.4 Short Blades
 * Level 7.6 Polearms
 - Level 13.6 Crossbows
 + Level 8.5 Armour
 - Level 7.0 Dodging
 - Level 0.8 Stealth
 - Level 5.7 Spellcasting
 + Level 6.5 Hexes
 - Level 6.2 Translocations


You had 8 spell levels left.
You knew the following spells:

 Your Spells              Type           Power        Failure   Level  Hunger
a - Blink                 Tloc           N/A          9%          2    ##.....
b - Portal Projectile     Hex/Tloc       ###...       16%         3    ###....
c - Inner Flame           Hex/Fire       ##......     50%         3    ###....
d - Cause Fear            Hex            ###.......   45%         4    ####...
e - Leda's Liquefaction   Hex/Erth       ##........   87%         4    ####...


Dungeon Overview and Level Annotations

Branches:
Dungeon (12/15)            Temple (1/1) D:7            Lair (6/6) D:11
 Shoals (0/4) Lair:3       Spider (0/4) Lair:3        Slime (0/5) Lair:6
    Orc (0/2) D:9

Altars:
Ashenzari
Cheibriados
Dithmenos
Elyvilon
Fedhas
Gozag
Hepliaklqana
Kikubaaqudgha
Makhleb
Nemelex Xobeh
Okawaru
Qazlal
Ru
Sif Muna
Trog
Uskayaw
Vehumet
Xom
Yredelemnul
Zin
The Shining One
Beogh
Jiyva

Shops:
D:5 }   D:11 *


Innate Abilities, Weirdness & Mutations

You have very sharp fingernails.
You are completely covered in iridescent scales. (AC +6)
You may emit foul miasma when damaged in melee.
You regenerate health from kills.
You are immune to rotting.
You possess an exceptional clarity of mind.
You are clumsy. (Dex -2)


Message History

Firing (i - inventory):
d - 188 bolts (quivered)
Press: ? - help, Shift-Dir - straight line, f/p - titanic slime creature
Aim: a titanic slime creature (lightly wounded, sick)
You shoot a bolt. The bolt hits the slime creature!!
The bolt freezes the slime creature.
The slime creature is heavily wounded.
The titanic slime creature hits you!!!!
Ouch! That really hurt!
* * * LOW HITPOINT WARNING * * *
A titanic slime creature splits.
Okay, then.
Okay, then.
Unknown command.
Okay, then.
Evoke which item? (* to show all) (? for menu, Esc to quit)
Okay, then.
Two slime creatures merge to form a titanic slime creature.
As you read the scroll of teleportation, it crumbles to dust.
You feel strangely unstable. The slime creature hits you!
You die...

#.# #..#
###########.##############..#####
.................................
####################...##########
#...# #...# #...##########
##############............[
..........@J.JZ............
........#############......
#####...# #.(#### #...# #..#
#...# #..# #...# #(.# #...# #..#
#...# #..# #...# #>.#


You could see a titanic slime creature, a slime creature and a centaur skeleton.

Vanquished Creatures
  The ghost of Exporg the Basher, a journeyman DsBe of Trog (Lair:5)
  Snorg (Lair:3)
  A minotaur (Lab)
  The ghost of Totori the Cleaver, a journeyman MiFi of Gozag (Lair:6)
  6 hydras
  A catoblepas (Lair:6)
  The ghost of Totori the Unseen, a journeyman SpEn of Ashenzari (Lair:5)
  Erica (D:8)
  3 two-headed ogres
  6 death yaks
  A deep troll shaman (Lair:6)
  Urug (Lair:3)
  Nergalle (Lair:2)
  The ghost of Asgaroth the Jinx, a novice VSEn of Dithmenos (D:8)
  Pikel (D:6)
  3 cyclopes (D:11)
  A manticore (Lair:3)
  6 elephants
  3 torpor snails (Lair:4)
  A black mamba (Lair:3)
  The ghost of Asgaroth the Covert, a novice SpAs of Okawaru (D:7)
  8 spiny frogs
  A rime drake (Lair:5)
  4 komodo dragons
  4 trolls (D:11)
  2 jumping spiders (Lair:3)
  Grinder (D:3)
  2 polar bears
  5 slime creatures (D:11)
  A dream sheep (Lair:5)
  A hornet (D:7)
  10 hippogriffs
  A shadow (D:12)
  3 wyverns
  3 redbacks (Lair:3)
  A basilisk (Lair:3)
  53 yaks
  A hungry ghost (D:11)
  Edmund (D:6)
  4 water moccasins
  2 acid dragons (D:11)
  Duvessa (D:6)
  8 orc warriors
  6 porcupines
  5 ice beasts
  2 phantoms
  2 necrophages
  9 wolves
  2 black bears
  6 sky beasts
  6 ogres
  7 centaurs
  8 crocodiles
  14 bullfrogs
  A gnoll sergeant (D:5)
  Dowan (D:6)
  A wyvern skeleton (D:11)
  A scorpion (D:10)
  3 wights (D:11)
  A howler monkey (D:9)
  11 crimson imps
  2 centaur zombies
  2 bullfrog zombies
  2 bullfrog skeletons
  5 orc priests (D:9)
  5 hounds
  4 orc wizards
  3 centaur skeletons
  An iron imp (D:5)
  Ijyb (D:3)
  Natasha (D:2)
  5 iguanas
  6 hell rats (Lair:4)
  10 worker ants
  A worker ant zombie (D:10)
  4 gnolls
  13 adders
  4 shadow imps
  An adder zombie (D:8)
  An ooze (D:5)
  2 adder skeletons
  A worm (D:2)
  3 dart slugs
  5 leopard geckos
  43 orcs
  4 giant cockroaches
  10 goblins
  10 hobgoblins
  27 jackals
  6 quokkas
  2 ball pythons
  10 bats
  6 frilled lizards
  A jackal skeleton (D:7)
  8 kobolds
  6 rats
460 creatures vanquished.

Vanquished Creatures (others)
  15 fungi
  6 plants
21 creatures vanquished.

Grand Total: 481 creatures vanquished

Notes
Turn   | Place    | Note
-------+----------+-------------------------------------------
     0 | D:1      | vatarom the Demonspawn Hunter began the quest for the Orb.
     0 | D:1      | Reached XP level 1. HP: 16/16 MP: 1/1
   196 | D:1      | Gained mutation: You are partially covered in iridescent scales. (AC +2) [demonic ancestry]
   196 | D:1      | Reached XP level 2. HP: 17/23 MP: 2/2
   463 | D:1      | Gained mutation: You regenerate a little health from kills. [demonic ancestry]
   463 | D:1      | Reached XP level 3. HP: 27/28 MP: 3/3
   655 | D:1      | Reached skill level 4 in Crossbows
   970 | D:2      | Reached skill level 1 in Armour
  1108 | D:2      | Gained mutation: You are mostly covered in iridescent scales. (AC +4) [demonic ancestry]
  1108 | D:2      | Reached XP level 4. HP: 22/34 MP: 4/4
  1277 | D:2      | Noticed Natasha
  1298 | D:2      | Killed Natasha
  1902 | D:3      | Gained mutation: You are immune to rotting. [demonic ancestry]
  1902 | D:3      | Reached XP level 5. HP: 40/40 MP: 5/5
  2029 | D:3      | Noticed Grinder
  2196 | D:3      | Paralysed by Grinder for 5 turns
  2476 | D:3      | Paralysed by Grinder for 5 turns
  2483 | D:3      | Killed Grinder
  2483 | D:3      | Reached skill level 5 in Crossbows
  2483 | D:3      | Reached XP level 6. HP: 47/47 MP: 6/6
  2586 | D:3      | Noticed Ijyb
  2590 | D:3      | Paralysed by Ijyb for 6 turns
  2597 | D:3      | Killed Ijyb
  3351 | D:4      | Found a sacrificial altar of Ru.
  3430 | D:4      | Gained mutation: You may emit foul miasma when damaged in melee. [demonic ancestry]
  3430 | D:4      | Reached XP level 7. HP: 42/54 MP: 7/7
  3797 | D:4      | Reached skill level 6 in Crossbows
  3993 | D:5      | Entered Level 5 of the Dungeon
  3993 | D:5      | Found Xywn's Quality Used Wands.
  4246 | D:5      | Found an iron altar of Okawaru.
  4254 | D:5      | Became a worshipper of Warmaster Okawaru
  4290 | D:5      | Found a snail-covered altar of Cheibriados.
  4373 | D:5      | Reached XP level 8. HP: 61/61 MP: 8/8
  4512 | D:5      | Found a stormy altar of Qazlal.
  4526 | D:5      | Learned a level 2 spell: Blink
  4537 | D:5      | Reached * piety under Okawaru
  4537 | D:5      | Reached skill level 5 in Fighting
  4542 | D:5      | Reached skill level 7 in Crossbows
  4639 | D:5      | Gained mutation: Your spells are a little easier to cast, but a little less powerful. [potion of mutation]
  4639 | D:5      | Gained mutation: Your flesh is cold resistant. (rC+) [potion of mutation]
  4639 | D:5      | Gained mutation: You are resistant to hostile enchantments. (MR+) [potion of mutation]
  4639 | D:5      | Gained mutation: Your muscles are strong. (Str +2) [potion of mutation]
  4641 | D:5      | Lost mutation: Your spells are a little easier to cast, but a little less powerful. [potion of mutation]
  4641 | D:5      | Lost mutation: Your flesh is cold resistant. (rC+) [potion of mutation]
  4641 | D:5      | Gained mutation: Your magical capacity is low. (-10% MP) [potion of mutation]
  4641 | D:5      | Gained mutation: You are highly resistant to hostile enchantments. (MR++) [potion of mutation]
  4647 | D:5      | Found a deep blue altar of Sif Muna.
  4789 | D:6      | Noticed Duvessa
  4789 | D:6      | Noticed Dowan
  4845 | D:6      | Found a shadowy altar of Dithmenos.
  5099 | D:6      | Reached skill level 1 in Translocations
  5204 | D:6      | Killed Duvessa
  5204 | D:6      | Reached skill level 5 in Dodging
  5205 | D:6      | Killed Dowan
  5285 | D:6      | Noticed Edmund
  5292 | D:6      | Killed Edmund
  5292 | D:6      | Reached ** piety under Okawaru
  5455 | D:6      | Found a snail-covered altar of Cheibriados.
  5724 | D:6      | Gained mutation: You have sharp fingernails. [demonic ancestry]
  5724 | D:6      | Reached XP level 9. HP: 47/69 MP: 8/8
  5824 | D:6      | Noticed Pikel
  5866 | D:6      | Killed Pikel
  5866 | D:6      | Reached skill level 8 in Crossbows
  6053 | D:7      | Found a staircase to the Ecumenical Temple.
  6059 | Temple   | Entered the Ecumenical Temple
  6157 | D:7      | Reached *** piety under Okawaru
  6364 | D:7      | Noticed Asgaroth's ghost (novice SpAs)
  6443 | D:7      | Killed Asgaroth's ghost
  6565 | D:7      | Received a gift from Okawaru
  6738 | D:7      | Reached skill level 9 in Crossbows
  6941 | D:7      | Paralysed by a hornet for 3 turns
  7302 | D:8      | Noticed a two-headed ogre
  7311 | D:8      | Killed a two-headed ogre
  7311 | D:8      | Reached **** piety under Okawaru
  7311 | D:8      | Reached skill level 5 in Translocations
  7311 | D:8      | Reached XP level 10. HP: 77/77 MP: 2/9
  7389 | D:8      | Lost mutation: Your muscles are strong. (Str +2) [potion of mutation]
  7389 | D:8      | Lost mutation: Your magical capacity is low. (-10% MP) [potion of mutation]
  7389 | D:8      | Lost mutation: You are highly resistant to hostile enchantments. (MR++) [potion of mutation]
  7389 | D:8      | Lost mutation: You are resistant to hostile enchantments. (MR+) [potion of mutation]
  7389 | D:8      | Gained mutation: Your magical capacity is low. (-10% MP) [potion of mutation]
  7389 | D:8      | Gained mutation: Your system is resistant to poisons. (rPois) [potion of mutation]
  7389 | D:8      | Gained mutation: You are robust. (+10% HP) [potion of mutation]
  7390 | D:8      | Lost mutation: Your magical capacity is low. (-10% MP) [potion of mutation]
  7390 | D:8      | Lost mutation: You are robust. (+10% HP) [potion of mutation]
  7390 | D:8      | Lost mutation: Your system is resistant to poisons. (rPois) [potion of mutation]
  7390 | D:8      | Gained mutation: You are weak. (Str -2) [potion of mutation]
  7390 | D:8      | Gained mutation: You passively map a small area around you. [potion of mutation]
  7391 | D:8      | Lost mutation: You are weak. (Str -2) [potion of mutation]
  7391 | D:8      | Lost mutation: You passively map a small area around you. [potion of mutation]
  7391 | D:8      | Gained mutation: You possess an exceptional clarity of mind. [potion of mutation]
  7391 | D:8      | Gained mutation: You are weak. (Str -2) [potion of mutation]
  7391 | D:8      | Gained mutation: You are clumsy. (Dex -2) [potion of mutation]
  7391 | D:8      | Lost mutation: You are weak. (Str -2) [potion of mutation]
  7409 | D:8      | Found a hide-covered altar of Uskayaw.
  7473 | D:8      | Noticed Erica
  7875 | D:8      | Killed Erica
  7875 | D:8      | Received a gift from Okawaru
  8014 | D:8      | Noticed Asgaroth's ghost (novice VSEn)
  8319 | D:8      | Killed Asgaroth's ghost
  8383 | D:8      | Found a white marble altar of Elyvilon.
  8496 | D:8      | Learned a level 3 spell: Portal Projectile
  8500 | D:8      | Learned a level 3 spell: Inner Flame
  8561 | D:9      | Reached skill level 10 in Crossbows
  8861 | D:9      | Noticed a two-headed ogre
  8870 | D:9      | Killed a two-headed ogre
  8870 | D:9      | Reached ***** piety under Okawaru
  8870 | D:9      | Received a gift from Okawaru
  8870 | D:9      | Reached skill level 1 in Spellcasting
  8870 | D:9      | Reached skill level 1 in Hexes
  8983 | D:9      | Found a hazy altar of Hepliaklqana.
  8993 | D:9      | Received a gift from Okawaru
  9500 | D:9      | Found a roughly hewn altar of Beogh.
  9500 | D:9      | Found a staircase to the Orcish Mines.
  9969 | D:10     | Entered Level 10 of the Dungeon
 10039 | D:10     | Reached XP level 11. HP: 82/84 MP: 14/14
 10320 | D:10     | Received a gift from Okawaru
 10370 | D:10     | Learned a level 4 spell: Cause Fear
 10817 | D:11     | Found a staircase to the Lair.
 10990 | D:11     | Found Xiupox's General Store.
 11029 | D:11     | Received a gift from Okawaru
 11122 | D:11     | Learned a level 4 spell: Leda's Liquefaction
 11499 | D:11     | Reached skill level 5 in Hexes
 11785 | D:11     | Reached skill level 5 in Spellcasting
 12021 | D:11     | Noticed a purple ugly thing
 12026 | D:11     | Noticed a cyan ugly thing
 12052 | D:11     | Noticed a two-headed ogre
 12234 | D:11     | Killed a two-headed ogre
 12409 | Lair:1   | Entered Level 1 of the Lair of Beasts
 12512 | Lair:1   | Received a gift from Okawaru
 12960 | Lair:1   | Found a stormy altar of Qazlal.
 13225 | Lair:2   | Noticed Nergalle
 13243 | Lair:2   | Killed Nergalle
 13243 | Lair:2   | Received a gift from Okawaru
 13243 | Lair:2   | Reached skill level 1 in Short Blades
 13243 | Lair:2   | Gained mutation: You have very sharp fingernails. [demonic ancestry]
 13243 | Lair:2   | Reached XP level 12. HP: 91/91 MP: 1/20
 13429 | Lair:2   | Reached skill level 11 in Crossbows
 14089 | Lair:3   | Noticed Snorg
 14110 | Lair:3   | Killed Snorg
 14265 | Lair:3   | Reached skill level 5 in Armour
 14330 | Lair:3   | Found a staircase to the Shoals.
 14446 | Lair:3   | Noticed Urug
 14451 | Lair:3   | Killed Urug
 14543 | Lair:3   | Found a hole to the Spider Nest.
 14547 | Lair:3   | Reached skill level 1 in Polearms
 14753 | Lair:3   | Noticed a death yak
 14758 | Lair:3   | Noticed a death yak
 14758 | Lair:3   | Noticed a death yak
 14760 | Lair:3   | Noticed a four-headed hydra
 14794 | Lair:3   | Noticed a four-headed hydra
 14924 | Lair:2   | Killed a death yak
 15010 | Lair:3   | Killed a four-headed hydra
 15181 | Lair:3   | Killed a four-headed hydra
 15282 | Lair:3   | Received a gift from Okawaru
 16210 | Lair:4   | Reached ****** piety under Okawaru
 16277 | Lair:4   | Received a gift from Okawaru
 16277 | Lair:4   | Gained mutation: You are completely covered in iridescent scales. (AC +6) [demonic ancestry]
 16277 | Lair:4   | Reached XP level 13. HP: 96/96 MP: 21/21
 16278 | Lair:4   | Got a brightly glowing helmet {god gift}
 16284 | Lair:4   | Identified the +0 helmet of Death's Door {rElec} (Okawaru gifted it to you on level 4 of the Lair of Beasts)
 16500 | Lair:4   | Reached skill level 12 in Crossbows
 16701 | Lair:4   | Reached skill level 5 in Polearms
 16769 | Lair:4   | Found a snail-covered altar of Cheibriados.
 17247 | Lair:5   | Noticed Totori's ghost (journeyman SpEn)
 17251 | Lair:5   | Killed Totori's ghost
 17277 | Lair:5   | Found a labyrinth entrance.
 17286 | Lab      | Entered a labyrinth
 17463 | Lab      | Noticed a minotaur
 17467 | Lab      | Killed a minotaur
 17482 | Lab      | Got an ancient tin ring
 17482 | Lab      | Got a pitted bronze ring
 17485 | Lab      | Identified the ring of Tuleima {*Tele Dex+4} (You found it in a labyrinth)
 17486 | Lab      | Identified the cursed ring of the Griffon {rPois Dex-4} (You found it in a labyrinth)
 17494 | Lab      | Got a distressingly furry ring mail
 17505 | Lab      | Identified the +5 ring mail "Xessyiq" {rN+ Dex+4} (You found it in a labyrinth)
 18040 | Lair:5   | Found a basalt altar of Yredelemnul.
 18224 | Lair:5   | Noticed Exporg's ghost (journeyman DsBe)
 18343 | Lair:5   | Killed Exporg's ghost
 18646 | Lair:6   | Entered Level 6 of the Lair of Beasts
 18708 | Lair:6   | Received a gift from Okawaru
 18745 | Lair:6   | Reached skill level 13 in Crossbows
 18941 | Lair:6   | Received a gift from Okawaru
 18964 | Lair:6   | Noticed Totori's ghost (journeyman MiFi)
 18976 | Lair:6   | Killed Totori's ghost
 19164 | Lair:6   | Received a gift from Okawaru
 19288 | Lair:6   | Received a gift from Okawaru
 19289 | Lair:6   | Got a scorched chain mail {god gift}
 19304 | Lair:6   | Identified the +0 chain mail of Sin {rPois Dex+6} (Okawaru gifted it to you on level 6 of the Lair of Beasts)
 19481 | Lair:6   | Gained mutation: You regenerate health from kills. [demonic ancestry]
 19481 | Lair:6   | Reached XP level 14. HP: 89/103 MP: 17/22
 19672 | Lair:6   | Found a staircase to the Slime Pits.
 19672 | Lair:6   | Found a viscous altar of Jiyva.
 20793 | D:12     | HP: 5/103 [titanic slime creature (81)]
 20805 | D:12     | Slain by a slime creature

Skill      XL: |  1  2  3  4  5  6  7  8  9 10 11 12 13 |
---------------+----------------------------------------+-----
Dodging        | 2 3 4 5 6 7 |  7.0
Crossbows      | 4 5 6 7 9 10 11 13 | 13.6
Armour         | 1 2 4 6 8 |  8.5
Fighting       | 3 4 5 6 7 |  7.6
Translocations | 2 5 6 |  6.2
Spellcasting   | 2 5 |  5.7
Hexes          | 2 6 |  6.5
Short Blades   | 1 4 |  4.4
Polearms       | 4 7 |  7.6
Stealth        | |  0.8

Action                   |  1- 3 |  4- 6 |  7- 9 | 10-12 | 13-15 || total
-------------------------+-------+-------+-------+-------+-------++-------
Melee: Short sword       |    67 |    21 |    77 |     4 |       ||   169
       Dagger            |       |       |    54 |       |       ||    54
       Hand crossbow     |       |       |     6 |     1 |       ||     7
       Demon trident     |       |       |       |       |     5 ||     5
 Fire: Hand crossbow     |    76 |   145 |   267 |   652 |    95 ||  1235
       Heavy crossbow    |       |       |       |    36 |   166 ||   202
 Cast: Blink             |       |       |    13 |    47 |    32 ||    92
       Portal Projectile |       |       |       |    41 |     2 ||    43
       Leda's Liquefacti |       |       |       |     3 |       ||     3
       Cause Fear        |       |       |       |     2 |       ||     2
       Inner Flame       |       |       |       |     4 |     6 ||    10
Invok: Heroism           |       |       |     3 |     9 |     1 ||    13
       Finesse           |       |       |       |     1 |       ||     1
Evoke: Wand              |       |       |       |     7 |       ||     7
       Lamp of fire      |       |       |       |       |     1 ||     1
  Use: Scroll            |     3 |     6 |     9 |    17 |    13 ||    48
       Potion            |     2 |     4 |     6 |    10 |     1 ||    23
 Stab: Sleeping          |     2 |       |       |       |       ||     2
  Eat: Chunk             |       |     3 |     7 |     6 |     3 ||    19
       Fruit             |       |     1 |       |       |       ||     1
       Bread ration      |       |     1 |     1 |     1 |       ||     3
       Meat ration       |       |       |     1 |     3 |     2 ||     6
       Royal jelly       |       |       |       |     5 |     2 ||     7
Armor: Leather armour    |    24 |    34 |     3 |       |       ||    61
       Ring mail         |       |       |   111 |    88 |    68 ||   267
       Chain mail        |       |       |       |       |    18 ||    18
Dodge: Dodged            |    63 |    68 |   159 |   191 |    89 ||   570
